AoeStats
← MuffinMike21

Golden Pit

508429670Analyzed
1v1 RM · 9d ago on Sep 22, 2026· 24m 10s· 2 players
Game mode
Random Map
Map size
Tiny (2 player)
Population
200
Speed
Normal
Resources
Standard
Victory
Conquest
Starting age
Dark Age
Ending age
Imperial Age
RankedLock teamsTeams togetherTeam positionsShared explorationLock speedFull tech treeHidden civsTurbo modeCheats
Victory
Defeat
🇺🇸 Japanese · United States
959
+44
🇲🇽 Britons · Mexico
984
-17
MuffinMike21
9:45 Feudal Age
10:08 Man-at-Arms
14:10 Double-Bit Axe
18:30 Castle Age
17:37 Scale Mail Armor
18:58 Fletching
21:30 Forging
23:39 Wheelbarrow
Axolotlin
11:18 Feudal Age
10:17 Loom
14:14 Double-Bit Axe
14:10 Horse Collar
22:38 Wheelbarrow
25:59 Castle Age
Connection lost

Rejoining the realm…

Still unreachable

The connection could not be restored.

Session expired

The server has moved on; the page needs a fresh start.